 Dungeon Crawl Stone Soup version 0.32-a0-616-g9348d4545b (webtiles) character file.

Game seed: 9758814717108350710

579 cforsyth the Grave Robber (level 7, 0/61 HPs)
             Began as a Mountain Dwarf Necromancer on Mar 6, 2024.
             Slain by a gnoll
             ... wielding a +0 halberd
              (4 damage)
             ... on level 5 of the Dungeon.
             The game lasted 00:07:35 (4391 turns).

cforsyth the Grave Robber (MDNe)                    Turns: 4391, Time: 00:07:36

Health: 0/61       AC:  9    Str: 12    XL:     7   Next: 13%
Magic:  18/18      EV:  6    Int: 16    God:
Gold:   133        SH:  0    Dex: 10    Spells: 8/9 levels left

rFire   + . .        k - +3 hand axe
rCold   . . .        (no shield)
rNeg    . . .        A - +0 chain mail
rPois   .            n - +0 helmet
rElec   .            (no cloak)
rCorr   .            (no gloves)
SInv    .            (no boots)
Will    +....        f - amulet of magic regeneration Stlth
                     F - ring of protection from fire
HPRegen 0.30/turn    M - ring of magical power
MPRegen 0.56/turn

%: no passive effects
@: enlightened, flying
A: runic magic, artefact enchanting
a: no special abilities


You were on level 5 of the Dungeon.
You visited 1 branch of the dungeon, and saw 5 of its levels.

You collected 214 gold pieces.
You spent 81 gold pieces at shops.


Innate Abilities, Weirdness & Mutations

Your spellcasting is much less encumbered by armour.
You can use scrolls of enchantment on lesser artefacts.


   Skills:
 + Level 5.4 Fighting
 + Level 1.6 Axes
 + Level 1.4 Armour
 - Level 1.3 Dodging
 - Level 1.4 Stealth
 - Level 1.7 Spellcasting
 + Level 7.1 Necromancy


You had 8 spell levels left.
You knew the following spells:

 Your Spells              Type           Power      Damage    Failure   Level
X - Necrotise             Necr           96%        1d8       2%          1

Your spell library contained the following spells:

 Spells                   Type           Power      Damage    Failure   Level
 Vampiric Draining        Necr           24%        2d7       8%          3
 Animate Dead             Necr           24%        N/A       26%         4
 Magic Dart               Conj           4%         1d3       43%         1
 Curse of Agony           Necr           24%        N/A       56%         5
 Mercury Vapours          Alch/Air       2%         N/A       58%         2
 Searing Ray              Conj           2%         2d4       58%         2
 Dazzling Flash           Conj/Hex       2%         N/A       82%         3
 Mephitic Cloud           Conj/Alch/Air  1%         N/A       82%         3
 Fulminant Prism          Conj/Alch      0%         3d5       99%         4
 Freezing Cloud           Conj/Ice/Air   0%         6-21      100%        5
 Silence                  Hex/Air        0%         N/A       100%        5

Inventory:

Hand Weapons
 k - a +3 hand axe (weapon)
Missiles
 y - 6 atropa-tipped darts
Armour
 n - a +0 helmet (worn)
 A - a +0 chain mail (worn)
Jewellery
 f - an amulet of magic regeneration (around neck)
 F - a ring of protection from fire (left hand)
 M - a ring of magical power (right hand)
Wands
 q - a wand of digging (5)
Scrolls
 d - a scroll of blinking {unknown}
 g - 3 scrolls of teleportation {unknown}
 i - a scroll of noise {unknown}
 j - 3 scrolls of identify {unknown}
 l - 2 scrolls of amnesia {unknown}
 p - a scroll of poison {unknown}
 w - a scroll of revelation {unknown}
Potions
 b - a potion of magic
 c - 5 potions of curing {@q1}
 e - a potion of enlightenment
 h - a potion of degeneration {unknown}
 m - a potion of cancellation {unknown}
 o - 2 potions of heal wounds {unknown}
 r - a potion of berserk rage {unknown}
 s - 2 potions of lignification {unknown}
 t - a potion of might {unknown}
 x - a potion of attraction {unknown}
 z - a potion of haste {unknown}

Dungeon Overview and Level Annotations

Branches:
Dungeon (5/15)
 Temple: D:4-7

Altars:
Elyvilon
Uskayaw
Yredelemnul
Zin

Shops:
D:1 [*:[!   D:2 * D:5

[ #▒..####.......###...#.
##....###..>....#.....#.
...▒▒▒▒▒.....#..............#..
.........................##....
...######.............##. ###..
.................... .. #..
###########.....▒▒▒ .........
#....## ....##...# ###@▒# #▒.
...### #h▒ ▒. ...# #g▒# #▒.##..
#gg#'++#...g. . #...........#
... #...$.......##....
#).$..............
#.........<..#
#............s..#


You could see a wolf and 3 gnolls.


Message History

The wolf attacks as it pursues you! The wolf bites you. x2
The gnoll attacks as it pursues you!
The gnoll hits you from afar with a +0 halberd!
The wolf bites you. The wolf attacks as it pursues you!
The wolf bites you but does no damage. x2
The wolf writhes in agony!
The wolf barely misses you.
The gnoll hits you from afar with a +0 halberd.
The wolf writhes in agony.
The wolf bites you!
* * * LOW HITPOINT WARNING * * *
The wolf bites you!
* * * LOW HITPOINT WARNING * * *
The gnoll hits you from afar with a +0 halberd.
* * * LOW HITPOINT WARNING * * *
You are too injured to fight recklessly!
You are too injured to fight recklessly!
You are too injured to fight recklessly!
Unknown command.
It was a potion of curing.
You feel better. The wolf bites you!
* * * LOW HITPOINT WARNING * * *
The gnoll hits you from afar with a +0 halberd.
* * * LOW HITPOINT WARNING * * *
The wolf bites you but does no damage.
Your magical contamination has completely faded away.
Unknown command.
It was a potion of enlightenment.
You feel very buoyant.
You fly up into the air.
The wolf bites you.
* * * LOW HITPOINT WARNING * * *
The gnoll hits you from afar with a +0 halberd.
You die...

Skill      XL: |  1  2  3  4  5  6 |
---------------+-------------------+-----
Fighting       | 1 2 3 4 5 |  5.4
Necromancy     | 5 6 7 |  7.1
Axes           | 1 |  1.6
Armour         | 1 |  1.4
Dodging        | |  1.3
Stealth        | |  1.4
Spellcasting   | |  1.7

Action                     |  1- 3 |  4- 6 |  7- 9 || total
---------------------------+-------+-------+-------++-------
  Melee: Unarmed           |    16 |       |       ||    16
         Hand axe          |       |    17 |     6 ||    23
   Cast: Necrotise         |    74 |   147 |     8 ||   229
    Use: Potion            |       |       |     2 ||     2
 Armour: Robe              |    38 |    20 |       ||    58
         Ring mail         |       |    22 |       ||    22
         Chain mail        |       |     8 |    21 ||    29
  Dodge: Dodged            |    18 |    33 |     4 ||    55

Levels and vault maps discovered:
D:1:      tarquinn_simple_flora_water_c, layout_loops_ring, serial_shops, shop,
          nicolae_shop_tiny_statue_garden, shop, shop, shop,
          minmay_misc_feat_hallway
D:2:      layout_loops_cross, serial_shops, shop,
          chequers_ecumenical_altar_lobes, uniq_robin
D:3:      layout_loops_ring, kennysheep_ying_yang
D:4:      layout_rooms, lemuel_doored_altar, nicolae_overflow_crystal_walls,
          serial_bayou_lagoon_a, st_stairs_8, serial_park_tiny_pond
D:5:      layout_cave_pools, lemuel_tele_altar,
          mainiacjoe_overflow_six_doors_small, minmay_temple_entry_nine_rooms,
          ebering_ghost_sewer_f, serial_gnoll_camp, gnoll_camp_mini_loothouse,
          gnoll_camp_medium_02, gnoll_camp_mini_house, gnoll_camp_mini_shop

Notes
Turn   | Place    | Note
-------+----------+-------------------------------------------
     0 | D:1      | cforsyth the Mountain Dwarf Necromancer began the quest for
                  | the Orb.
     0 | D:1      | Reached XP level 1. HP: 14/14 MP: 3/3
   170 | D:1      | Reached skill level 1 in Fighting
   225 | D:1      | Found Diux's Book Emporium.
   244 | D:1      | Reached XP level 2. HP: 23/23 MP: 2/4
   366 | D:1      | HP: 1/23 [dart slug/slug dart (4)]
   502 | D:1      | Found Veogei's Antique Armour Shop.
   545 | D:1      | Found Pucipnapn's Distillery.
   705 | D:1      | Found Iwneotywox's Antique Armour Shop.
   719 | D:1      | Reached skill level 2 in Fighting
   744 | D:1      | Reached XP level 3. HP: 29/29 MP: 3/5
   753 | D:1      | Reached skill level 5 in Necromancy
   760 | D:1      | Found Poomm's General Store.
   949 | D:2      | Noticed Robin
  1094 | D:2      | Killed Robin
  1273 | D:2      | Reached XP level 4. HP: 37/37 MP: 3/6
  1292 | D:2      | Reached skill level 3 in Fighting
  1524 | D:1      | HP: 2/38 [gnoll/+0 flail (11)]
  1526 | D:1      | Reached XP level 5. HP: 3/45 MP: 3/7
  2000 | D:2      | Found Vitunk's Assorted Antiques.
  2006 | D:2      | Bought a brown potion for 27 gold pieces
  2006 | D:2      | Bought a fizzy emerald potion for 27 gold pieces
  2006 | D:2      | Bought a clear potion for 27 gold pieces
  2095 | D:2      | Reached skill level 6 in Necromancy
  2131 | D:2      | Found a faded altar of an unknown god.
  2933 | D:3      | Found a basalt altar of Yredelemnul.
  3077 | D:3      | Found a white marble altar of Elyvilon.
  3121 | D:4      | Reached skill level 4 in Fighting
  3250 | D:4      | Reached XP level 6. HP: 47/53 MP: 3/8
  3334 | D:4      | Found a glowing silver altar of Zin.
  3521 | D:4      | Reached skill level 5 in Fighting
  3578 | D:4      | Found a hide-covered altar of Uskayaw.
  3758 | D:5      | Entered Level 5 of the Dungeon
  3758 | D:5      | Found Alaelomn's Antique Armour Shop.
  3907 | D:5      | Reached skill level 7 in Necromancy
  4020 | D:4      | Reached skill level 1 in Axes
  4038 | D:5      | Reached skill level 1 in Armour
  4046 | D:4      | Reached XP level 7. HP: 48/61 MP: 9/9
  4391 | D:5      | HP: 4/61 [wolf (6)]
  4391 | D:5      | Slain by a gnoll

Vanquished Creatures
  A phantom (D:4)
  3 scorpions
  A hound (D:4)
  A jelly (D:4)
  An iguana (D:5)
  Robin (D:2)
  9 gnolls
  3 adders
  A shadow imp (D:5)
  A dart slug (D:1)
  A ribbon worm (D:3)
  An orc (D:4)
  4 ball pythons
  5 endoplasms
  3 giant cockroaches
  19 goblins
  11 hobgoblins
  9 jackals
  A quokka (D:2)
  4 bats
  4 frilled lizards
  4 kobolds
  5 rats
93 creatures vanquished.

Vanquished Creatures (collateral kills)
  A gnoll (D:2)
  A dart slug (D:4)
  A ball python (D:4)
  An endoplasm (D:1)
  A goblin (D:4)
  A jackal (D:2)
6 creatures vanquished.

Grand Total: 99 creatures vanquished

Table legend: (Time is in decaauts)
 A = Elapsed time spent in this place.
 B = Non-inter-level travel time spent in this place.
 C = Inter-level travel time spent in this place.
 D = Time resting spent in this place.
 E = Time spent auto-exploring this place.
 F = Levels seen in this place.
 G = Mean time per level.
                   A        B        C        D        E       F      G
               +--------+--------+--------+--------+--------+-----+--------+
         Total |   4411 |   4227 |    184 |    658 |   2740 |   5 |  882.2 |
       Dungeon |   4411 |   4227 |    184 |    658 |   2740 |   5 |  882.2 |
               +--------+--------+--------+--------+--------+-----+--------+

Top non-repeatable levels by time:
     D:1: 1392 daAuts
     D:2: 913 daAuts
     D:3: 814 daAuts
     D:4: 798 daAuts
     D:5: 491 daAuts

Table legend:
 A = Non-vault XP
 B = Vault XP
 C = Vault XP percentage of total XP
 D = Non-vault monster count
 E = Vault monster count
 F = Vault count percentage of total count
                 A         B        C        D         E       F
            +---------+---------+-------+---------+---------+-------
      Total |     760 |      68 |   8.2 |      85 |      14 |  14.1
            +---------+---------+-------+---------+---------+-------
        D:1 |      60 |      10 |  14.3 |      26 |       5 |  16.1
        D:2 |     152 |      26 |  14.6 |      29 |       6 |  17.1
        D:3 |      21 |       0 |   0.0 |      12 |       0 |   0.0
        D:4 |     399 |      17 |   4.1 |      15 |       2 |  11.8
        D:5 |     128 |      15 |  10.5 |       3 |       1 |  25.0
            +---------+---------+-------+---------+---------+-------
